 Dungeon Crawl Stone Soup version 0.32-a0-643-ga006e7742e (webtiles) character file.

Game seed: 13982317855693344361

476 dialectric the Covert (level 6, -2/32 HPs)
             Began as a Spriggan Brigand on Mar 7, 2024.
             Slain by an iguana (8 damage)
             ... on level 6 of the Dungeon.
             The game lasted 00:04:33 (3595 turns).

dialectric the Covert (Spriggan Brigand)            Turns: 3595, Time: 00:04:33

Health: -2/32      AC: 11    Str:  5    XL:     6   Next: 85%
Magic:  7/7        EV: 20    Int: 12    God:
Gold:   304        SH:  0    Dex: 22    Spells: 5/5 levels left

rFire   . . .        t - +1 dagger (flame)
rCold   + . .        (no shield)
rNeg    . . .        r - +2 robe "Zaribb" {rC+ Dex+3}
rPois   .            (helmet restricted)
rElec   .            c - +2 cloak
rCorr   .            (gloves unavailable)
SInv    +            (boots unavailable)
Will    ++...        (no amulet)
Stlth   ++++         l - +4 ring of protection
HPRegen 0.25/turn    z - ring of willpower
MPRegen 0.10/turn

%: no passive effects
@: very quick
A: very small, no large weapons, unfitting armour, see invisible, speed 3, weak
1, sturdy frame 1
a: no special abilities


You were on level 6 of the Dungeon.
You visited 1 branch of the dungeon, and saw 6 of its levels.

You collected 304 gold pieces.

Inventory:

Hand Weapons
 a - a +2 dagger
 t - a +1 dagger of flaming (weapon)
 w - a +1 long sword of holy wrath
Missiles
 d - 9 poisoned darts (quivered)
Armour
 b - a +0 robe
 c - a +2 cloak (worn)
 r - the +2 robe "Zaribb" (worn) {rC+ Dex+3}
   (You found it on level 3 of the Dungeon)

   Dex+3:     It affects your dexterity (+3).
   rC+:       It protects you from cold.
Jewellery
 l - a +4 ring of protection (left hand)
 z - a ring of willpower (right hand)
Wands
 s - a wand of polymorph (9)
Scrolls
 f - a scroll of teleportation {unknown}
 g - a scroll of enchant armour
 i - a scroll of fear {unknown}
 p - a scroll of immolation {unknown}
 y - a scroll of silence {unknown}
Potions
 h - a potion of brilliance {unknown}
 k - a potion of heal wounds {unknown}
 m - a potion of invisibility {unknown}
 n - a potion of degeneration {unknown}
 o - 2 potions of berserk rage
 q - a potion of curing {unknown}
 u - 2 potions of lignification {unknown}
 v - a potion of might
 x - a potion of mutation


   Skills:
 + Level 3.2 Fighting
 + Level 4.4 Short Blades
 - Level 2.1 Throwing
 + Level 4.7 Dodging
 + Level 8.1 Stealth


You had 5 spell levels left.
You didn't know any spells.
Your spell library contained the following spells:

 Spells                   Type           Power      Damage    Failure   Level
 Sublimation of Blood     Necr           0%         N/A       45%         2
 Call Canine Familiar     Summ           0%         N/A       69%         3
 Sigil of Binding         Hex            0%         N/A       69%         3
 Dimensional Bullseye     Hex/Tloc       0%         N/A       97%         4
 Petrify                  Alch/Erth      0%         N/A       97%         4
 Irradiate                Conj/Alch      0%         3d11      100%        5


Dungeon Overview and Level Annotations

Branches:
Dungeon (6/15)
 Temple: D:4-7

Altars:
Fedhas
Uskayaw
Zin

Shops:
D:4 :   D:5 =

Annotations:
D:5 Duvessa


Innate Abilities, Weirdness & Mutations

You are very small and have problems with some larger weapons.
You are too small for most types of armour.
You have supernaturally acute eyesight. (SInv)
You cover ground extremely quickly. (Speed+++)
You are weak. (Str -2)
Your movements are slightly less encumbered by armour. (ER -2)


Message History

Throw: 2 darts (curare)
Press: ? - help, Q - select action, (/) - cycle Shift-Dir - straight line, f/p - Duvessa
Aim: Duvessa, wielding a +5 short sword of venom and wearing a +0 leather armour (berserk, 66% to hit)
You throw a curare-tipped dart. The curare-tipped dart hits Duvessa.
Duvessa is poisoned.
Duvessa struggles to breathe.
Duvessa seems to slow down.
Duvessa is lightly wounded.
You feel sick.
Unknown command.
You feel sick.
You are no longer poisoned.
You see here a +0 spear.
Throw: dart (curare)
Press: ? - help, Q - select action, (/) - cycle Shift-Dir - straight line, f/p - Duvessa
Aim: Duvessa, wielding a +5 short sword of venom and wearing a +0 leather armour (moderately wounded, berserk, very poisoned, slow, 66% to hit)
You throw a curare-tipped dart. The curare-tipped dart hits Duvessa.
Duvessa looks as sick as possible!
Duvessa struggles to breathe.
Duvessa seems to be slow for longer.
Duvessa is moderately wounded.
You see here a dart slug corpse.
There is a stone staircase leading down here.
You can't go up here!
Unknown command.
You climb downwards.
You hear the sound of rushing water.
There is an entrance to a sewer on this level.
Hurry and find it before the portal rusts away!
Found 2 scrolls labelled CITORU WURYECH.
There is a stone staircase leading up here.
Found a scroll labelled RITUM PEETT.
The iguana hisses angrily.
You barely miss the iguana.
The iguana bites you but does no damage.
You closely miss the iguana. The iguana bites you!
* * * LOW HITPOINT WARNING * * *
You hit the iguana. You burn the iguana.
The iguana is moderately wounded.
You hit the iguana. You burn the iguana.
The iguana is heavily wounded.
The iguana bites you!
You die...

.# ###+#.##
......##+##
#.....#....
#.?........
#..........
#..l......?
#..@.......
##....#####
#....#
#....#
#<#### ###


You could see an iguana.

Vanquished Creatures
  An ogre (D:4)
  Dowan (D:5)
  A jelly (D:4)
  2 bombardier beetles (D:4)
  A hound (D:4)
  Jessica (D:3)
  An iguana (D:5)
  4 gnolls
  6 adders
  2 dart slugs
  2 ribbon worms
  3 orcs
  2 bats (D:1)
  10 endoplasms
  3 giant cockroaches
  4 goblins
  8 hobgoblins
  2 jackals (D:1)
  6 quokkas
  3 ball pythons
  2 frilled lizards
  4 kobolds
  3 rats
72 creatures vanquished.

Notes
Turn   | Place    | Note
-------+----------+-------------------------------------------
     0 | D:1      | dialectric the Spriggan Brigand began the quest for the
                  | Orb.
     0 | D:1      | Reached XP level 1. HP: 10/10 MP: 2/2
   154 | D:1      | Reached skill level 6 in Stealth
   216 | D:1      | Reached XP level 2. HP: 15/15 MP: 3/3
   925 | D:1      | Reached XP level 3. HP: 18/18 MP: 4/4
  1807 | D:3      | Found a blossoming altar of Fedhas.
  1988 | D:3      | Identified the +2 robe "Zaribb" {rC+ Dex+3}
  2048 | D:3      | Reached XP level 4. HP: 16/23 MP: 5/5
  2149 | D:3      | Noticed Jessica
  2156 | D:3      | Killed Jessica
  2285 | D:4      | Found Xemah's Self-Improvement Boutique.
  2425 | D:4      | Reached skill level 7 in Stealth
  2425 | D:4      | Reached XP level 5. HP: 19/27 MP: 6/6
  2645 | D:4      | Gained mutation: You are weak. (Str -2) [potion of
                  | mutation]
  2645 | D:4      | Gained mutation: Your movements are slightly less
                  | encumbered by armour. (ER -2) [potion of mutation]
  2877 | D:4      | Found a glowing silver altar of Zin.
  2982 | D:4      | Noticed an ogre
  2990 | D:4      | Killed an ogre
  2991 | D:4      | Reached XP level 6. HP: 12/32 MP: 7/7
  3093 | D:4      | Found a hide-covered altar of Uskayaw.
  3181 | D:5      | Entered Level 5 of the Dungeon
  3181 | D:5      | Found Daasiaj's Jewellery Shoppe.
  3496 | D:5      | Reached skill level 8 in Stealth
  3554 | D:5      | Noticed Duvessa
  3554 | D:5      | Noticed Dowan
  3558 | D:5      | Killed Dowan
  3595 | D:6      | Slain by an iguana

Illustrated notes

Levels and vault maps discovered:
D:1:      lightli_arrival_farm, layout_basic, serial_corexii_hall,
          corexii_hall_statues_s, corexii_hall_statues_x,
          chequers_hall_statues_corner_a, corexii_hall_statues_s,
          minmay_quantized
D:2:      layout_loops_cross
D:3:      layout_basic, fedhas_altar_3, uniq_jessica
D:4:      minmay_general_purpose_star, layout_loops_ring, kennysheep_little_box,
          mainiacjoe_overflow_six_doors_small, st_stairs_6,
          nicolae_shop_self_help
D:5:      layout_basic, minmay_misc_feat_nine_boxes,
          minmay_shop_enchanted_jewellery, minmay_misc_feat_plants,
          uniq_duvessa, uniq_blork_the_orc
D:6:      layout_basic, elyvilon_altar_4,
          mainiacjoe_sewer_entry_somewhere_in_here_1, ebering_ghost_rock_garden,
          chequers_mini_garden, uniq_jeremiah

Skill      XL: |  1  2  3  4  5  6 |
---------------+-------------------+-----
Stealth        | 6 7 8 |  8.1
Dodging        | 2 3 4 |  4.7
Fighting       | 2 3 |  3.2
Short Blades   | 3 4 |  4.4
Throwing       | |  2.1

Action                     |  1- 3 |  4- 6 || total
---------------------------+-------+-------++-------
  Melee: Dagger            |   151 |   106 ||   257
  Throw: Dart              |     4 |    14 ||    18
         Throwing net      |     1 |     1 ||     2
    Use: Scroll            |       |     5 ||     5
         Potion            |       |     1 ||     1
   Stab: Sleeping          |    11 |    12 ||    23
 Armour: Robe              |    39 |    42 ||    81
  Dodge: Dodged            |   120 |    94 ||   214

Table legend: (Time is in decaauts)
 A = Elapsed time spent in this place.
 B = Non-inter-level travel time spent in this place.
 C = Inter-level travel time spent in this place.
 D = Time resting spent in this place.
 E = Time spent auto-exploring this place.
 F = Levels seen in this place.
 G = Mean time per level.
                   A        B        C        D        E       F      G
               +--------+--------+--------+--------+--------+-----+--------+
         Total |   2438 |   2378 |     60 |    102 |   1661 |   6 |  406.3 |
       Dungeon |   2438 |   2378 |     60 |    102 |   1661 |   6 |  406.3 |
               +--------+--------+--------+--------+--------+-----+--------+

Top non-repeatable levels by time:
     D:1: 761 daAuts
     D:4: 734 daAuts
     D:2: 417 daAuts
     D:3: 297 daAuts
     D:5: 221 daAuts
     D:6: 5 daAuts
